 Dungeon Crawl Stone Soup version 0.30.1-11-g7821555f0a (webtiles) character file.

Game seed: 207039040559608213

20751 Gumption the Severer (level 12, -5/112 HPs)
             Began as a Minotaur Berserker on Nov 16, 2023.
             Was a High Priest of Trog.
             Killed from afar by a molten gargoyle (21 damage)
             ... with a bolt of magma
             ... in a volcano.
             The game lasted 00:50:13 (10788 turns).

Gumption the Severer (Minotaur Berserker)          Turns: 10788, Time: 00:50:14

Health: -5/112     AC: 22    Str: 26    XL:     12   Next: 48%
Magic:  11/11      EV:  8    Int:  6    God:    Trog [*****.]
Gold:   761        SH:  6    Dex:  9    Spells: 11/11 levels left

rFire   + . .        a - +3 broad axe (heavy)
rCold   . . .        J - +0 buckler
rNeg    . . .        K - +0 plate armour
rPois   +            (helmet restricted)
rElec   .            D - +2 cloak {rPois}
rCorr   .            F - +1 pair of gloves
SInv    +            I - +0 pair of boots
Will    ++...        H - amulet of regeneration Stlth
                     w - ring of see invisible
HPRegen 2.18/turn    M - ring of protection from fire
MPRegen 0.12/turn

%: no passive effects
@: strong-willed (expiring), on berserk cooldown, regenerating (expiring),
hasted and slowed
A: horns 2, retaliatory headbutt
a: Renounce Religion, Berserk, Trog's Hand, Brothers in Arms


You were in a volcano.
You worshipped Trog.
Trog was extremely pleased with you.
You visited 2 branches of the dungeon, and saw 13 of its levels.
You also visited: Volcano.

You collected 876 gold pieces.
You spent 115 gold pieces at shops.

Inventory:

Hand Weapons
 a - a +3 heavy broad axe (weapon)
 b - a +2 war axe of flaming
 N - a +3 war axe
 T - a +5 war axe of freezing
Missiles
 e - 9 javelins
 m - a throwing net
 n - 32 poisoned darts (quivered)
 p - 2 boomerangs
Armour
 D - a +2 cloak of poison resistance (worn)
 F - a +1 pair of gloves (worn)
 I - a +0 pair of boots (worn)
 J - a +0 buckler (worn)
 K - a +0 plate armour (worn)
Jewellery
 w - a ring of see invisible (left hand)
 H - an amulet of regeneration (around neck)
 M - a ring of protection from fire (right hand)
 O - an amulet of guardian spirit
Wands
 i - a wand of flame (20)
 u - a wand of polymorph (10)
 v - a wand of iceblast (11)
 B - a wand of digging (6)
 C - a wand of paralysis (11)
 E - a wand of quicksilver (11)
Scrolls
 f - a scroll of immolation
 h - 2 scrolls of poison
 l - 5 scrolls of teleportation
 z - a scroll of enchant armour
 A - a scroll of noise {unknown}
 L - a scroll of fog {unknown}
 P - 3 scrolls of fear
 Q - a scroll of amnesia {unknown}
 R - a scroll of enchant weapon
Potions
 c - 3 potions of invisibility
 d - 6 potions of might
 g - 4 potions of resistance
 j - a potion of flight
 k - a potion of berserk rage
 o - 3 potions of lignification
 q - 2 potions of cancellation
 r - a potion of heal wounds
 s - 6 potions of curing
 t - 2 potions of mutation {unknown}
 G - 3 potions of ambrosia
 S - a potion of attraction


   Skills:
 + Level 12.0 Fighting
 * Level 16.2 Axes
 + Level 11.7 Armour
 - Level 2.1 Dodging
 * Level 10.5 Shields


You had 11 spell levels left.
You didn't know any spells.
Your spell library was empty.

Dungeon Overview and Level Annotations

Branches:
Dungeon (10/15)            Temple (0/1) D:7            Lair (3/5) D:8
 Shoals (0/4) Lair:3        Snake (0/4) Lair:3          Orc (0/2) D:10
Volcano (1/1)

Altars:
Ashenzari
Dithmenos
Elyvilon
Fedhas
Gozag
Makhleb
Nemelex Xobeh
Ru
Sif Muna
Uskayaw
Vehumet
Wu Jian
Yredelemnul

Shops:
D:3 *   D:8 *


Innate Abilities, Weirdness & Mutations

You have a pair of horns on your head.
You reflexively headbutt those who attack you in melee.


Message History

You carve the fire elemental like a ham!!!
You destroy the fire elemental!
The fire elemental disappears in a puff of smoke!
You slash the fire elemental! The fire elemental barely misses you.
The deep elf pyromancer mumbles some strange words.
The fire elemental barely misses you.
You hit the molten gargoyle.
The molten gargoyle is lightly damaged.
You closely miss the fire elemental. The fire elemental closely misses you.
You furiously retaliate!
You headbutt the fire elemental!
The molten gargoyle blasts magma at you!
The bolt of magma hits you! You partially resist. The fire elemental hits you.
The fire elemental burns you! You resist.
The molten gargoyle closely misses you. The fire elemental hits you.
The fire elemental burns you! You resist.
You barely miss the molten gargoyle.
The molten gargoyle is lightly damaged.
You closely miss the fire elemental.
You feel the effects of Trog's Hand fading.
The molten gargoyle blasts magma at you!
The bolt of magma hits you! You partially resist.
You block the fire elemental's attack. The fire elemental hits you.
The fire elemental burns you! You resist.
The molten gargoyle closely misses you.
You feel yourself speed up. The fire elemental hits you.
The fire elemental burns you! You resist.
The molten gargoyle blasts magma at you!
The bolt of magma hits you!! You partially resist.
* * * LOW HITPOINT WARNING * * *
You block the fire elemental's attack.
You slice the molten gargoyle!!
The molten gargoyle is almost destroyed.
You barely miss the fire elemental.
The molten gargoyle blasts magma at you!
The bolt of magma hits you. You partially resist.
* * * LOW HITPOINT WARNING * * *
You block the fire elemental's attack.
The molten gargoyle blasts magma at you!
The bolt of magma hits you!! You partially resist.
You die...

~§~e#..##..####..#
~~~ #.# #..'.##..#
#~ #.# #..####..#
9 #.9 #..####..#
#.# #.9'.##).# .
#.○####..# #.°#
#..# #.(####..#
#.E9@....#
#.eE.....#
#######~~# #~~#
####


You could see a deep elf pyromancer, 2 fire elementals and a molten gargoyle.

Vanquished Creatures
  A hydra (Lair:2)
  A two-headed ogre (D:10)
  A hell knight (Volcano)
  A lindwurm (Lair:2)
  A deep elf pyromancer (Volcano)
  An orc knight (Volcano)
  3 cyclopes (Volcano)
  A salamander (Volcano)
  Joseph (D:10)
  3 black mambas
  A gargoyle (Volcano)
  2 molten gargoyles (Volcano)
  2 cane toads
  3 komodo dragons
  A freezing wraith (D:10)
  A rime drake (Lair:2)
  A troll (D:9)
  A polar bear (Lair:2)
  Grinder (D:3)
  8 blink frogs
  2 wraiths (D:10)
  3 wyverns
  21 yaks
  A human (D:10)
  Grum (D:9)
  A basilisk (Lair:2)
  A steam dragon (D:10)
  Edmund (D:4)
  Menkaure (D:5)
  An acid dragon (D:9)
  2 water moccasins (Lair:2)
  Duvessa (D:6)
  4 ice beasts
  4 orc warriors
  2 sky beasts
  A boggart (D:10)
  9 wolves
  2 ogres
  2 centaurs (D:6)
  A kobold brigand (D:8)
  6 bullfrogs
  A gnoll sergeant (D:9)
  5 scorpions
  20 wights
  Dowan (D:6)
  7 killer bees
  4 hounds
  3 jellies
  5 orc priests
  Crazy Yiuf (D:6)
  2 sleepcaps
  3 iguanas
  Ijyb (D:3)
  Terence (D:3)
  Natasha (thrice) (D:4)
  10 orc wizards
  4 gnolls (D:9)
  5 adders
  A white imp (D:7)
  2 ufetubi (D:6)
  2 worms (D:2)
  2 dart slugs
  36 orcs
  9 ball pythons
  8 endoplasms
  A giant cockroach (D:4)
  9 goblins
  4 hobgoblins
  2 jackals (D:3)
  5 quokkas
  9 bats
  5 frilled lizards
  10 kobolds
  3 rats (D:2)
286 creatures vanquished.

Notes
Turn   | Place    | Note
-------+----------+-------------------------------------------
     0 | D:1      | Gumption the Minotaur Berserker began the quest for the
                  | Orb.
     0 | D:1      | Reached XP level 1. HP: 19/19 MP: 0/0
   370 | D:1      | Reached skill level 4 in Axes
   370 | D:1      | Reached XP level 2. HP: 27/27 MP: 1/1
  1000 | D:2      | Reached XP level 3. HP: 6/33 MP: 2/2
  1005 | D:2      | HP: 1/33 [poisoned by an adder]
  1378 | D:2      | Reached ** piety under Trog
  1528 | D:2      | Found an ornate altar of the Wu Jian Council.
  1632 | D:2      | Reached XP level 4. HP: 38/40 MP: 3/3
  1661 | D:2      | Reached skill level 5 in Axes
  2239 | D:3      | Found Hoef's General Store.
  2247 | D:3      | Bought a potion of curing for 30 gold pieces
  2247 | D:3      | Bought a +0 chain mail of positive energy for 85 gold
                  | pieces
  2262 | D:3      | Noticed Grinder
  2269 | D:3      | Paralysed by Grinder for 2 turns
  2276 | D:3      | Killed Grinder
  2277 | D:3      | Reached skill level 5 in Fighting
  2277 | D:3      | Reached skill level 6 in Axes
  2277 | D:3      | Reached XP level 5. HP: 48/48 MP: 4/4
  2277 | D:3      | Reached XP level 6. HP: 56/56 MP: 5/5
  2421 | D:3      | Found a shadowy altar of Dithmenos.
  2423 | D:3      | Noticed Terence
  2429 | D:3      | Killed Terence
  2587 | D:3      | Noticed Ijyb
  2594 | D:3      | Killed Ijyb
  2932 | D:4      | Noticed Natasha
  2938 | D:4      | Killed Natasha
  2981 | D:4      | Noticed Edmund
  2991 | D:4      | Killed Edmund
  2992 | D:4      | Reached skill level 7 in Axes
  3021 | D:4      | Noticed Natasha
  3164 | D:4      | Killed Natasha
  3165 | D:4      | Reached skill level 5 in Armour
  3165 | D:4      | Reached XP level 7. HP: 54/62 MP: 6/6
  3195 | D:4      | Noticed Natasha
  3208 | D:4      | Killed Natasha
  3208 | D:4      | Reached *** piety under Trog
  3299 | D:4      | Found a hide-covered altar of Uskayaw.
  3599 | D:4      | Found a burning altar of Makhleb.
  3936 | D:5      | Entered Level 5 of the Dungeon
  4027 | D:5      | Found a broken altar of Ashenzari.
  4124 | D:5      | Reached skill level 8 in Axes
  4139 | D:5      | Found a white marble altar of Elyvilon.
  4363 | D:5      | Noticed Menkaure
  4366 | D:5      | Killed Menkaure
  4381 | D:5      | Reached XP level 8. HP: 71/71 MP: 7/7
  4481 | D:5      | Found an ornate altar of the Wu Jian Council.
  4613 | D:5      | Found a sparkling altar of Nemelex Xobeh.
  4697 | D:6      | Reached skill level 9 in Axes
  4848 | D:6      | Found a runed translucent door.
  4849 | D:6      | Noticed Crazy Yiuf
  4854 | D:6      | Killed Crazy Yiuf
  4865 | D:6      | Identified the +3 hammer of a Million Shrikes {holy, Dex+3}
  5000 | D:6      | Reached skill level 10 in Axes
  5038 | D:6      | Noticed Duvessa
  5038 | D:6      | Noticed Dowan
  5043 | D:6      | Killed Duvessa
  5047 | D:6      | Killed Dowan
  5328 | D:6      | Reached XP level 9. HP: 77/81 MP: 8/8
  5611 | D:6      | Reached **** piety under Trog
  5612 | D:6      | Reached skill level 11 in Axes
  5858 | D:7      | Found a basalt altar of Yredelemnul.
  5942 | D:7      | Found a staircase to the Ecumenical Temple.
  6150 | D:7      | Reached skill level 12 in Axes
  6586 | D:8      | Found a sacrificial altar of Ru.
  6751 | D:8      | Found Myzil's Overcharged Wands.
  6819 | D:8      | Reached ***** piety under Trog
  6820 | D:8      | Reached XP level 10. HP: 64/91 MP: 9/9
  7015 | D:8      | Reached skill level 1 in Shields
  7020 | D:8      | Found a staircase to the Lair.
  7372 | D:8      | Found an opulent altar of Gozag.
  7538 | D:9      | Found a shimmering blue altar of Sif Muna.
  7540 | D:9      | Found a blossoming altar of Fedhas.
  7593 | D:9      | Identified the +1 robe of Experimentation {Fly Str+3}
  7635 | D:9      | Found a radiant altar of Vehumet.
  7757 | D:9      | Noticed Grum
  7764 | D:9      | Killed Grum
  7765 | D:9      | Reached skill level 13 in Axes
  8131 | D:9      | Reached skill level 10 in Fighting
  8499 | D:10     | Entered Level 10 of the Dungeon
  8537 | D:10     | Found a staircase to the Orcish Mines.
  8545 | D:10     | Reached skill level 5 in Shields
  8584 | D:10     | Noticed Joseph
  8596 | D:10     | Killed Joseph
  8597 | D:10     | Reached skill level 10 in Armour
  8643 | D:10     | Reached skill level 14 in Axes
  8645 | D:10     | Reached XP level 11. HP: 87/101 MP: 10/10
  8687 | D:10     | Noticed a two-headed ogre
  8699 | D:10     | Killed a two-headed ogre
  8707 | D:10     | Identified the +7 shortbow "Giant's Curse" {flame, Contam
                  | Dex+3 Stlth+}
  8737 | D:10     | Noticed a red ugly thing
  9003 | Lair:1   | Entered Level 1 of the Lair of Beasts
  9141 | Lair:1   | Received a gift from Trog
  9327 | Lair:1   | Reached skill level 15 in Axes
  9817 | Lair:2   | Noticed a six-headed hydra
  9825 | Lair:2   | Killed a three-headed hydra
  9951 | Lair:2   | Noticed a lindwurm
  9963 | Lair:2   | Killed a lindwurm
  9964 | Lair:2   | Reached XP level 12. HP: 104/110 MP: 11/11
 10577 | Lair:3   | Found a staircase to the Snake Pit.
 10625 | Lair:3   | Found a dark tunnel.
 10659 | Volcano  | Entered a volcano
 10712 | Volcano  | Reached skill level 10 in Shields
 10759 | Volcano  | Reached skill level 16 in Axes
 10788 | Volcano  | Killed from afar by a molten gargoyle

Illustrated notes

Levels and vault maps discovered:
D:1:      lemuel_arrival_room, layout_basic, chequers_serial_rivers_large_a
D:2:      minmay_chambers_of_twos, layout_basic, basic_altar
D:3:      layout_basic, nicolae_dithmenos_the_darkroom, serial_shops,
          nicolae_shop_rolling_square, uniq_grinder, uniq_terence, uniq_ijyb
D:4:      layout_basic, makhleb_heckhound_becter, mainiacjoe_overflow_catwalk,
          uniq_edmund, uniq_natasha
D:5:      layout_loops_cross, mainiacjoe_overflow_24_doors,
          nemelex_diamond_rough_becter, marbit_many_paths,
          amcnicky_altar_gilded, hangedman_abyss_or_decor_stagger,
          kennysheep_generic_room_4, uniq_menkaure
D:6:      layout_cave_pods, kennysheep_small_circle, uniq_crazy_yiuf_cottage,
          uniq_duvessa
D:7:      layout_gridville, nicolae_overflow_hidden_temple,
          minmay_temple_entry_sparse_star
D:8:      layout_basic, mainiacjoe_overflow_alcove_4,
          nicolae_ru_great_annihilating_truth, lair_entry_dummy,
          nicolae_shop_overcharged_wands
D:9:      layout_irregular_city, chequers_temple_overflow_statue_of_worship,
          lemuel_doored_altar, serial_rivers, chequers_serial_rivers_micro_b,
          chequers_serial_rivers_micro_c, chequers_serial_rivers_micro_a,
          chequers_serial_rivers_marsh, uniq_grum
D:10:     layout_big_octagon, erik_orc_4, minivault_20, uniq_joseph
Lair:1:   layout_hall_layers, lemuel_fruit_tree
Lair:2:   layout_regular_city, serial_bayou_shore_b
Lair:3:   layout_long_grid, minmay_shoals_entry_lonely_mermaid,
          nicolae_volcano_entry_two_sided, uniq_josephine
Volcano:  hellmonk_zot_springs

Skill      XL: |  1  2  3  4  5  6  7  8  9 10 11 12 |
---------------+-------------------------------------+-----
Axes           | 4 6 7 8 10 12 14 15 16 | 16.2
Fighting       | 4 5 6 7 9 10 11 12 | 12.0
Armour         | 3 4 5 6 7 9 10 11 | 11.7
Shields        | 5 9 10 | 10.5
Dodging        | |  2.1

Action                     |  1- 3 |  4- 6 |  7- 9 | 10-12 || total
---------------------------+-------+-------+-------+-------++-------
  Melee: Hand axe          |    31 |       |       |       ||    31
         Short sword       |    62 |   106 |    44 |       ||   212
         Headbutt          |     8 |    19 |    35 |    53 ||   115
         Punch             |     1 |       |     1 |       ||     2
         War axe           |       |       |   182 |   215 ||   397
         Broad axe         |       |       |       |    86 ||    86
  Throw: Dart              |       |       |     8 |       ||     8
 Invoke: Berserk           |     1 |     2 |       |     1 ||     4
         Trog's Hand       |       |       |       |     4 ||     4
    Use: Scroll            |       |     6 |     6 |     8 ||    20
         Potion            |       |       |       |     2 ||     2
   Stab: Sleeping          |     1 |       |       |       ||     1
         Paralysed         |       |       |     1 |       ||     1
 Armour: Animal skin       |    12 |       |       |       ||    12
         Leather armour    |    15 |    11 |       |       ||    26
         Chain mail        |       |    27 |    96 |     4 ||   127
         Plate armour      |       |       |       |   173 ||   173
  Dodge: Dodged            |    60 |    35 |    86 |   108 ||   289
  Block: Buckler           |       |       |       |    62 ||    62
